 Dungeon Crawl Stone Soup version 0.18.1-8-gdd0e5ea (webtiles) character file.

6988 dcss12345 the Grappler (level 10, -5/106 HPs)
             Began as a Troll Monk on May 28, 2016.
             Was a High Priest of Okawaru.
             Slain by an eight-headed hydra (7 damage)
             ... on level 2 of the Lair of Beasts on June 4, 2016.
             The game lasted 00:43:23 (8735 turns).

dcss12345 the Grappler (Troll Monk)                 Turns: 8735, Time: 00:43:24

Health: -5/106     AC:  7    Str: 24    XL:     10   Next: 81%
Magic:  9/9        EV: 14    Int:  6    God:    Okawaru [*****.]
Gold:   278        SH:  3    Dex: 14    Spells: 0 memorised, 9 levels left

rFire  + . .     SeeInvis +       - Unarmed
rCold  . . .     Gourm    +     S - +2 robe {rN+}
rNeg   + . .     Faith    .     (no shield)
rPois  .         Spirit   .     (helmet restricted)
rElec  .         Dismiss  .     (no cloak)
rCorr  .         Reflect  +     (gloves unavailable)
SustAt .         Harm     .     (boots unavailable)
MR     .....                    e - +3 amulet of reflection
Stlth  ++........               m - ring of see invisible
                                f - ring of protection from fire

@: not resistant to hostile enchantments, unstealthy
A: unfitting armour, claws 3, thin skeletal structure 1, fast metabolism 3,
gourmand, regeneration 2, shaggy fur 1, tough skin 2
a: Heroism, Finesse, Renounce Religion


You were on level 2 of the Lair of Beasts.
You worshipped Okawaru.
Okawaru was extremely pleased with you.
You were completely stuffed.

You visited 2 branches of the dungeon, and saw 10 of its levels.
You also visited: Ossuary.

You collected 694 gold pieces.
You spent 416 gold pieces at shops.

Inventory:

Hand Weapons
 o - a +1 mace of crushing
Armour
 a - a +0 robe
 H - a +0 pair of gloves
 S - a +2 robe of positive energy (worn)
Jewellery
 e - a +3 amulet of reflection (around neck)
 f - a ring of protection from fire (left claw)
 h - an uncursed ring of protection from cold
 m - a ring of see invisible (right claw)
 v - an uncursed ring of positive energy
 F - a cursed -2 ring of dexterity
 G - an uncursed ring of stealth
 Q - an uncursed amulet of harm
 T - an uncursed ring of resist corrosion {unknown}
 W - an uncursed ring of magical power {unknown}
Wands
 A - a wand of polymorph (23/24)
 K - a wand of iceblast (4/15)
 M - a wand of lightning (5/15)
 U - a wand of polymorph (20/24)
Scrolls
 k - 4 scrolls of enchant weapon
 n - 4 scrolls of teleportation
 p - 3 scrolls of fog
 q - 6 scrolls of magic mapping
 s - 6 scrolls of identify
 u - 4 scrolls of amnesia {unknown}
 x - a scroll of fear
 y - 3 scrolls of remove curse
 E - a scroll of holy word {unknown}
 I - 2 scrolls of immolation {unknown}
 N - a scroll of noise {unknown}
 V - a scroll of blinking
Potions
 c - a potion of haste
 j - 3 potions of heal wounds
 l - 4 potions of curing
 t - 3 potions of degeneration
 z - 2 potions of brilliance
 B - a potion of resistance
 C - 2 potions of agility
 D - a potion of magic {unknown}
 L - 3 potions of might {unknown}
 O - a potion of cancellation {unknown}
 P - 2 potions of ambrosia
Books
 g - a book of Minor Magic

   Spells                             Type                      Level
   a - Magic Dart                     Conjuration                  1
   b - Blink                          Translocation                2
   c - Call Imp                       Summoning                    2
   d - Repel Missiles                 Charms/Air                   2
   e - Slow                           Hexes                        2
   f - Conjure Flame                  Conjuration/Fire             3
   g - Mephitic Cloud                 Conjuration/Poison/Air       3
 J - a book of Changes

   Spells                             Type                      Level
   a - Beastly Appendage              Transmutation                1
   b - Sticks to Snakes               Transmutation                2
   c - Spider Form                    Transmutation/Poison         3
   d - Ice Form                       Ice/Transmutation            4
   e - Blade Hands                    Transmutation                5
Comestibles
 b - 4 bread rations
 d - 2 beef jerkies
 i - 13 fruits
 r - 2 slices of pizza
 w - 5 meat rations
 R - 9 chunks of flesh


   Skills:
 + Level 8.5 Fighting
 + Level 8.3 Dodging
 - Level 1.1 Stealth
 + Level 10.6 Unarmed Combat


You had 9 spell levels left.
You didn't know any spells.

Dungeon Overview and Level Annotations

Branches:
Dungeon (8/15)             Temple (0/1) D:7            Lair (2/8) D:8

Altars:
Ashenzari
Dithmenos
Okawaru
Vehumet
Xom
Zin
The Shining One

Shops:
D:7 *   D:8 }

Annotations:
Lair:1 exclusion: oklob plant


Innate Abilities, Weirdness & Mutations

You are too large for most types of armour.
You have claws for hands.
Your metabolism is lightning-fast.
You like to eat raw meat.
You heal very quickly.
You are covered in fur (AC +1).
You have very tough skin (AC +2).
You have a somewhat thin skeletal structure (Dex +2, Stealth).


Message History

The seven-headed hydra bites you. The seven-headed hydra misses you.
The seven-headed hydra bites you!
The seven-headed hydra barely misses you.
The seven-headed hydra bites you!
The seven-headed hydra closely misses you.
You rip one of the seven-headed hydra's heads off!
The six-headed hydra grows two more!
You mangle the eight-headed hydra!!
The eight-headed hydra is heavily wounded.
The eight-headed hydra bites you.
* * * LOW HITPOINT WARNING * * *
The eight-headed hydra bites you!
* * * LOW HITPOINT WARNING * * *
The eight-headed hydra bites you!
* * * LOW HITPOINT WARNING * * *
The eight-headed hydra completely misses you.
The eight-headed hydra barely misses you.
The eight-headed hydra bites you!
* * * LOW HITPOINT WARNING * * *
The eight-headed hydra bites you!
You die...

...... ......# P......##
........# #......# #.....###
#...D...# #...@.#### ..
##.....#.# ... ##.....##
..... ###.....###..... ....
####P###.....P.#.... .....
#................... .....#
#................... ......
#...................
.....####...................


You could see an eight-headed hydra.

Vanquished Creatures
  An unseen horror (D:8)
  Pikel (D:7)
  Joseph (D:7)
  A spiny frog (Lair:1)
  Prince Ribbit (D:7)
  5 yaks
  The ghost of Scuka the Shooter, an amateur CeHu (D:3)
  3 hippogriffs
  A basilisk (Lair:1)
  Edmund (D:4)
  2 water moccasins (Lair:1)
  Duvessa (D:7)
  2 orc warriors
  2 ice beasts
  2 slaves (D:7)
  2 black bears (D:7)
  3 ogres
  2 centaurs
  A crocodile (Lair:1)
  5 giant frogs
  A wyvern zombie (D:7)
  Dowan (D:7)
  8 scorpions
  3 wights (D:8)
  A howler monkey (D:5)
  A quasit (D:8)
  4 crimson imps
  4 centaur zombies (Ossuary)
  A giant frog zombie (D:8)
  3 jellies
  4 orc priests
  A giant frog skeleton (D:8)
  2 hounds
  A human zombie (Ossuary)
  2 orc wizards
  A centaur skeleton (D:5)
  An iguana (D:5)
  Ijyb (D:3)
  Natasha (thrice) (D:4)
  5 worker ants
  A hound skeleton (D:4)
  A hound zombie (D:5)
  3 mummies (Ossuary)
  A worker ant zombie (D:5)
  6 gnolls
  4 scorpion zombies (Ossuary)
  10 adders
  A shadow imp (D:5)
  2 oozes
  2 adder zombies
  6 worms
  3 giant geckos
  12 orcs
  A ball python (D:1)
  10 bats
  7 giant cockroaches
  9 goblins
  11 hobgoblins
  13 jackals
  7 quokkas
  A giant cockroach zombie (D:5)
  4 giant newts
  5 gnoll zombies (Ossuary)
  2 goblin zombies (Ossuary)
  A hobgoblin zombie (Ossuary)
  7 kobolds
  4 kobold zombies (Ossuary)
  3 orc zombies (Ossuary)
  A quokka skeleton (D:7)
  10 rats
234 creatures vanquished.

Vanquished Creatures (others)
  A slave (D:8)
  An orc priest (D:8)
2 creatures vanquished.

Grand Total: 236 creatures vanquished

Notes
Turn   | Place    | Note
--------------------------------------------------------------
     0 | D:1      | dcss12345 the Troll Monk began the quest for the Orb.
     0 | D:1      | Reached XP level 1. HP: 22/22 MP: 0/0
   121 | D:1      | Reached XP level 2. HP: 29/29 MP: 1/1
   742 | D:2      | Reached XP level 3. HP: 19/36 MP: 2/2
   841 | D:2      | Reached XP level 4. HP: 13/45 MP: 3/3
   972 | D:2      | Found an iron altar of Okawaru.
   992 | D:2      | Became a worshipper of Warmaster Okawaru
   992 | D:2      | Reached * piety under Okawaru
   992 | D:2      | Reached ** piety under Okawaru
  1296 | D:2      | Found a glowing golden altar of the Shining One.
  1550 | D:3      | You fall through a shaft!
  1716 | D:4      | Noticed Edmund
  1737 | D:4      | Killed Edmund
  1737 | D:4      | Reached skill level 5 in Unarmed Combat
  1737 | D:4      | Reached XP level 5. HP: 33/54 MP: 4/4
  1851 | D:4      | Noticed Natasha
  1859 | D:4      | Killed Natasha
  1859 | D:4      | Reached XP level 6. HP: 59/62 MP: 5/5
  1902 | D:4      | Noticed Natasha
  1979 | D:4      | Killed Natasha
  2046 | D:4      | Noticed Natasha
  2066 | D:4      | Killed Natasha
  2075 | D:4      | Found a glowing silver altar of Zin.
  2605 | D:3      | Noticed Scuka's ghost (amateur CeHu)
  2613 | D:3      | Killed Scuka's ghost
  2613 | D:3      | Reached *** piety under Okawaru
  2744 | D:3      | Noticed Ijyb
  2757 | D:3      | Killed Ijyb
  2757 | D:3      | Reached skill level 6 in Unarmed Combat
  2757 | D:3      | Reached XP level 7. HP: 70/70 MP: 6/6
  3016 | D:3      | Found a shadowy altar of Dithmenos.
  3236 | D:3      | Gained mutation: You have a somewhat thin skeletal structure (Dex +2, Stealth). [potion of beneficial mutation]
  3283 | D:5      | Entered Level 5 of the Dungeon
  3845 | D:5      | Reached skill level 5 in Fighting
  3973 | D:5      | Found a shimmering altar of Xom.
  4128 | D:5      | Reached XP level 8. HP: 80/80 MP: 7/7
  4346 | D:6      | Found a radiant altar of Vehumet.
  4364 | D:6      | Reached skill level 5 in Dodging
  4364 | D:6      | Reached skill level 7 in Unarmed Combat
  4411 | D:5      | Reached **** piety under Okawaru
  5277 | D:7      | Found a shattered altar of Ashenzari.
  5290 | D:7      | Found a staircase to the Ecumenical Temple.
  5300 | D:7      | Noticed Joseph
  5319 | D:7      | Killed Joseph
  5319 | D:7      | Reached skill level 8 in Unarmed Combat
  5319 | D:7      | Reached XP level 9. HP: 59/89 MP: 5/8
  5438 | D:7      | Noticed Prince Ribbit
  5467 | D:7      | Killed Prince Ribbit
  5580 | D:7      | Found a sand-covered staircase.
  5586 | Ossuary  | Entered an ossuary
  6181 | D:7      | Noticed Duvessa
  6182 | D:7      | Reached skill level 9 in Unarmed Combat
  6188 | D:7      | Killed Duvessa
  6206 | D:7      | Noticed Dowan
  6212 | D:7      | Killed Dowan
  6289 | D:7      | Found Ocow's General Store.
  6308 | D:7      | Bought a scroll of identify for 32 gold pieces
  6308 | D:7      | Bought a scroll of identify for 32 gold pieces
  6645 | D:8      | Noticed Pikel
  6771 | D:7      | Killed Pikel
  6771 | D:7      | Reached ***** piety under Okawaru
  6771 | D:7      | Reached XP level 10. HP: 87/102 MP: 9/9
  6934 | D:8      | Found a shattered altar of Ashenzari.
  7111 | D:8      | Noticed an unseen horror
  7136 | D:8      | Killed an unseen horror
  7136 | D:8      | Received a gift from Okawaru
  7228 | D:8      | Found a staircase to the Lair.
  7297 | D:8      | Reached skill level 10 in Unarmed Combat
  7313 | D:8      | Found Zojoawo's Gadget Shop.
  7321 | D:8      | Bought a wand of polymorph (20/24) for 352 gold pieces
  7847 | Lair:1   | Entered Level 1 of the Lair of Beasts
  8132 | Lair:1   | Noticed a spiny frog
  8142 | Lair:1   | Killed a spiny frog
  8338 | Lair:1   | Noticed an oklob plant
  8722 | Lair:2   | Noticed a five-headed hydra
  8735 | Lair:2   | HP: 2/106 [eight-headed hydra (9)]
  8735 | Lair:2   | Slain by an eight-headed hydra

Skill      XL: |  1  2  3  4  5  6  7  8  9 10 |
---------------+-------------------------------+-----
Fighting       | 3 4 5 6 7 8 |  8.5
Dodging        | 3 4 6 7 8 |  8.3
Unarmed Combat | 5 6 8 9 10 | 10.6
Stealth        | |  1.1

Action                   |  1- 3 |  4- 6 |  7- 9 | 10-12 || total
-------------------------+-------+-------+-------+-------++-------
Melee: Unarmed           |    55 |   218 |   355 |   150 ||   778
       Punch             |       |     2 |    14 |     9 ||    25
Invok: Heroism           |       |       |     2 |       ||     2
  Use: Scroll            |       |       |    20 |       ||    20
       Potion            |       |       |     4 |       ||     4
 Stab: Sleeping          |     1 |     3 |     6 |     2 ||    12
  Eat: Chunk             |     9 |    17 |    34 |    18 ||    78
       Bread ration      |       |     1 |     1 |       ||     2
Armor: Robe              |    38 |    73 |    66 |    27 ||   204
Dodge: Dodged            |    45 |   105 |   172 |    92 ||   414
Block: Other             |       |       |    36 |    14 ||    50
       Reflection        |       |       |     4 |       ||     4
